 Dungeon Crawl Stone Soup version 0.28.0-43-g3370ac3207 (webtiles) character file.

Game seed: 1856385180421567768

22610 Pemander the Imperceptible (level 12, 58/58 HPs)
             Began as a Felid Enchanter on Mar 21, 2022.
             Was the Champion of Dithmenos.
             Quit the game on level 1 of the Abyss.
             The game lasted 01:14:13 (34428 turns).

Pemander the Imperceptible (Felid Enchanter)       Turns: 34428, Time: 01:14:14

Health: 58/58      AC:  3    Str:  4    XL:     12   Next: 64%
Magic:  20/20      EV: 33    Int: 19    God:    Dithmenos [******]
Gold:   269        SH:  5    Dex: 25    Spells: 10/21 levels left
                                        Lives:  0   Deaths: 4

rFire   . . .      SeeInvis +     - Unarmed
rCold   + . .      Faith    .   (shield unavailable)
rNeg    . . .      Spirit   .   (armour unavailable)
rPois   .          Reflect  +   (helmet unavailable)
rElec   .          Harm     .   (cloak unavailable)
rCorr   +          Rampage  .   (gloves unavailable)
Will    +....      Rage     3%  (boots unavailable) Stlth ********++
                                v - amulet of reflection
HPRegen 0.19/turn               y - ring of resist corrosion
MPRegen 0.17/turn               E - ring "Pezoar" {Wiz Dex+6 Slay+6}

@: wreathed by umbra, studying Stealth, quick
A: very small, claws 1, fangs 3, see invisible, speed 1, shaggy fur 3, stealthy
paws, no weapons or thrown items, no armour, multi-lived, clever 1, weak 1,
[berserk 2]
a: Renounce Religion, Shadow Step, Shadow Form


You were on level 1 of the Abyss.
You worshipped Dithmenos.
Dithmenos was exalted by your worship.
You visited 4 branches of the dungeon, and saw 21 of its levels.
You visited the Abyss 1 time.
You also visited: Ossuary and Gauntlet.

You collected 2046 gold pieces.
You spent 1777 gold pieces at shops.

Inventory:

Jewellery
 n - a ring of flight
 v - an amulet of reflection (around neck)
 y - a ring of resist corrosion (left paw)
 E - the ring "Pezoar" (right paw) {Wiz Dex+6 Slay+6}
   (You bought it in a shop on level 2 of the Orcish Mines)

   [ring of wizardry]

   It improves your spell success rate.
   Dex:       It affects your dexterity (+6).
   Slay:      It affects your accuracy & damage with ranged weapons and melee
   (+6).
Wands
 f - a wand of iceblast (14)
 h - a wand of mindburst (6)
 m - a wand of charming (11)
 u - a wand of flame (42)
 w - a wand of acid (10)
 z - a wand of digging (8)
Scrolls
 b - 4 scrolls of identify
 c - 6 scrolls of teleportation
 j - 5 scrolls of magic mapping
 k - 5 scrolls of blinking
 o - 2 scrolls of amnesia
 s - 2 scrolls of fog
 B - a scroll of torment
 C - a scroll of fear
Potions
 a - a potion of invisibility
 d - a potion of cancellation
 e - 2 potions of brilliance
 g - a potion of haste
 i - 2 potions of lignification
 l - 5 potions of curing
 q - a potion of berserk rage
 r - 2 potions of might
 t - 5 potions of attraction
 x - 2 potions of heal wounds
 A - 4 potions of ambrosia


   Skills:
 + Level 10.0 Fighting
 + Level 14.1 Dodging
 - Level 25.1 Stealth
 - Level 12.4 Unarmed Combat
 - Level 5.2 Spellcasting
 - Level 15.0 Hexes


You had 10 spell levels left.
You knew the following spells:

 Your Spells              Type           Power      Damage    Failure   Level
a - Ensorcelled Hibernat  Hex/Ice        66%        N/A       1%          2
b - Confusing Touch       Hex            58%        N/A       1%          3
c - Tukima's Dance        Hex            58%        N/A       1%          3
d - Dazzling Flash        Conj/Hex       66%        N/A       1%          3

Your spell library contained the following spells:

 Spells                   Type           Power      Damage    Failure   Level
 Inner Flame              Hex/Fire       33%        N/A       1%          3
 Foxfire                  Conj/Fire      16%        2x1d4     4%          1
 Freeze                   Ice            16%        1d4       4%          1
 Metabolic Englaciation   Hex/Ice        16%        N/A       6%          5
 Blink                    Tloc           8%         N/A       8%          2
 Corpse Rot               Necr/Air       8%         N/A       8%          2
 Conjure Flame            Conj/Fire      4%         6-21      16%         3
 Frozen Ramparts          Ice            8%         1d2       16%         3
 Ignite Poison            Fire/Tmut/Pois 4%         N/A       16%         3
 Lesser Beckoning         Tloc           4%         N/A       16%         3
 Mephitic Cloud           Conj/Pois/Air  4%         N/A       16%         3
 Ozocubu's Armour         Ice            4%         N/A       16%         3
 Dispel Undead            Necr           4%         3d7       43%         4
 Flame Wave               Conj/Fire      4%         2d5       43%         4
 Hailstorm                Conj/Ice       4%         3d4       43%         4
 Fireball                 Conj/Fire      2%         3d4       77%         5
 Freezing Cloud           Conj/Ice/Air   2%         6-21      77%         5
 Iskenderun's Battlesphe  Conj           4%         2d6       77%         5
 Manifold Assault         Tloc           4%         N/A       77%         5
 Conjure Ball Lightning   Conj/Air       2%         3x3d6     99%         6
 Death Channel            Necr           2%         N/A       99%         6
 Simulacrum               Ice/Necr       2%         N/A       99%         6
 Orb of Destruction       Conj           2%         9d5       100%        7


Dungeon Overview and Level Annotations

Branches:
Dungeon (12/15)            Temple (1/1) D:4            Lair (6/6) D:9
  Swamp (0/4) Lair:4        Snake (0/4) Lair:4        Slime (0/5) Lair:6
    Orc (2/2) D:11            Elf (0/3) Orc:2       Ossuary (visited)
Gauntlet (visited)

Altars:
Ashenzari
Cheibriados
Dithmenos
Elyvilon
Fedhas
Gozag
Hepliaklqana
Kikubaaqudgha
Makhleb
Nemelex Xobeh
Okawaru
Qazlal
Ru
Sif Muna
Trog
Uskayaw
Vehumet
Wu Jian
Xom
Yredelemnul
Zin
The Shining One
Jiyva

Shops:
D:3 *   D:4 !   D:5 *   D:9 [   D:10 *   D:11 [(   Orc:1 :*   Orc:2 !=(=

Annotations:
D:2 Robin
D:11 exclusions: obsidian statue and orange crystal statue
Lair:3 2 transporters, Naumuise's ghost, journeyman DsFi
Lair:6 3 runed translucent doors, TheDeanity's ghost, journeyman DEVM


Innate Abilities, Weirdness & Mutations

You have sharp claws.
You have razor-sharp teeth.
You have supernaturally acute eyesight. (SInv)
You cover ground quickly. (Speed+)
Your thick and shaggy fur keeps you warm. (AC +3, rC+)
Your paws help you pounce on unaware monsters.
You are incapable of wielding weapons or throwing items.
You cannot wear armour.
You gain extra lives every three experience levels.
Your mind is acute. (Int +2)
You are weak. (Str -2)
[You often lose your temper in combat.]


Message History

The sixfirhy misses you. The sixfirhy hits you. The sixfirhy shocks you!
You emit a cloud of dark smoke.
The sixfirhy completely misses you. The sixfirhy barely misses you.
The sixfirhy completely misses you.
There is an open door here.
Tentacles burst from the starspawn's body! 2 starspawn tentacles come into view.
The sixfirhy completely misses you. The sixfirhy barely misses you.
The sixfirhy completely misses you. The sixfirhy completely misses you.
The sixfirhy completely misses you. The sixfirhy misses you.
Casting: Ensorcelled Hibernation (safe; 1% risk of failure)
Confirm with . or Enter, or press ? or * to list all spells.
Your paws begin to glow red.
You block the sixfirhy's attack. The sixfirhy completely misses you.
You scratch the sixfirhy but do no damage.
The sixfirhy completely misses you. x2; The sixfirhy closely misses you.
You miss the sixfirhy. The sixfirhy misses you. x2
You scratch the sixfirhy but do no damage.
Your shadow closely misses the sixfirhy.
You closely miss the sixfirhy.
Your shadow hits the sixfirhy but does no damage.
You scratch the sixfirhy but do no damage.
You claw the sixfirhy!
The sixfirhy is lightly wounded.
Your shadow misses the sixfirhy. The sixfirhy barely misses you.
A neqoxec comes into view.
The neqoxec shouts!
You scratch the sixfirhy but do no damage.
The sixfirhy is lightly wounded.
Your shadow closely misses the sixfirhy.
The sixfirhy hits you! The sixfirhy shocks you! The sixfirhy hits you!
* * * LOW HITPOINT WARNING * * *
The sixfirhy shocks you!
You die...
The sixfirhy hits you. The sixfirhy shocks you!
You are now level 12!
You rejoin the land of the living...
You are suddenly pulled into a different region of the Abyss!
There is an open door here.
Are you sure you want to abandon this character and quit the game? (Confirm with "yes".)

#.. ..#
#.#
#....#...#
.
#......##.
#....# ..
#...##...#
#...## #.#
#....## .#
#.....#
#..@#.##
##.....#
#...##.#
#.#......#
###.#.##..
..#..
..#.#..
#.# # . ..


There were no monsters in sight!

Vanquished Creatures
  An orc warlord (Orc:2)
  A deep elf demonologist (Abyss:1)
  Fannar (D:10)
  5 hydras
  A rakshasa (D:8)
  Erolcha (Orc:2)
  Erica (Orc:1)
  Harold (D:10)
  4 two-headed ogres
  10 death yaks
  5 orc high priests (Orc:2)
  A thrashing horror (Abyss:1)
  Sonja (Lair:2)
  A shadow demon (Abyss:1)
  A lindwurm (Lair:1)
  A bog body (Lair:4)
  7 orc knights
  Pikel (D:7)
  A necromancer (Lair:2)
  A cyclops (D:11)
  A manticore (D:7)
  An ugly thing (D:8)
  11 elephants
  3 centaur zombies
  Maurice (D:11)
  3 black mambas
  Joseph (D:10)
  7 cane toads
  A smoke demon (Lair:6)
  3 rime drakes
  An unseen horror (D:11)
  10 komodo dragons
  2 polar bears
  4 trolls
  A hornet (D:8)
  26 blink frogs
  A raiju (Abyss:1)
  6 slime creatures (D:11)
  A wraith (D:10)
  46 yaks
  4 wyverns
  4 basilisks
  3 steam dragons
  6 small abominations
  2 nagas (Lair:4)
  3 wargs (Orc:1)
  4 swamp worms (Lair:4)
  Duvessa (D:7)
  14 water moccasins
  3 ice beasts
  23 orc warriors
  A sky beast (D:5)
  A black bear (D:6)
  13 wolves
  5 ogres
  A necrophage (D:8)
  2 phantoms
  A lemure (D:8)
  5 centaurs
  2 kobold brigands
  11 bullfrogs
  3 scorpions
  4 water moccasin zombies (Ossuary)
  Dowan (D:7)
  A water moccasin skeleton (D:5)
  8 wights
  4 killer bees (D:9)
  2 howler monkeys (D:9)
  A vampire bat (D:3)
  8 electric eels
  3 lava snakes (D:12)
  2 bullfrog zombies (D:5)
  A quasit (Abyss:1)
  3 hounds
  A centaur skeleton (D:7)
  A gnoll shaman (D:5)
  3 jellies
  28 orc priests
  A bullfrog skeleton (D:6)
  2 iguanas
  5 hell rats (Lair:5)
  19 orc wizards
  2 yak simulacra (Lair:2)
  A polar bear simulacrum (Lair:2)
  2 killer bee zombies
  6 wolf simulacra (Lair:2)
  2 mummies (Ossuary)
  A hound skeleton (D:4)
  7 gnolls
  10 adders
  A shadow imp (D:5)
  A white imp (D:6)
  2 ufetubi (D:5)
  6 adder zombies (Ossuary)
  2 adder skeletons (D:4)
  3 fire bats (D:3)
  87 orcs
  2 spectral bats (D:3)
  3 bat skeletons (D:3)
  A bat zombie (D:3)
  5 endoplasms
  2 giant cockroaches
  20 goblins
  7 hobgoblins
  5 jackals
  A quokka (D:5)
  2 ball pythons (D:4)
  20 bats
  A bat simulacrum (D:3)
  3 frilled lizards
  A gnoll zombie (Ossuary)
  5 hobgoblin zombies (Ossuary)
  11 kobolds
  3 kobold zombies (Ossuary)
  2 orc zombies (Ossuary)
  3 rats
  2 river rat simulacra (Lair:2)
618 creatures vanquished.

Vanquished Creatures (collateral kills)
  A two-headed ogre (D:10)
  An orc knight (Orc:1)
  4 orc warriors
  An ogre (Orc:1)
  3 orc priests (Orc:2)
  2 orc wizards (Orc:1)
  A gnoll (D:6)
  An ufetubus (D:7)
  11 orcs
25 creatures vanquished.

Vanquished Creatures (others)
  13 dancing weapons
  2 demonic plants (Abyss:1)
  28 fungi
  51 plants
  8 starspawn tentacles (Abyss:1)
102 creatures vanquished.

Grand Total: 745 creatures vanquished

Notes
Turn   | Place    | Note
-------+----------+-------------------------------------------
     0 | D:1      | Pemander the Felid Enchanter began the quest for the Orb.
     0 | D:1      | Reached XP level 1. HP: 7/7 MP: 4/4
   471 | D:1      | Found a faded altar of an unknown god.
   520 | D:1      | Reached XP level 2. HP: 12/12 MP: 6/6
   524 | D:1      | Learned a level 2 spell: Ensorcelled Hibernation
  1485 | D:2      | Reached skill level 5 in Hexes
  1554 | D:2      | Reached XP level 3. HP: 15/15 MP: 7/7
  1669 | D:2      | Learned a level 3 spell: Confusing Touch
  1715 | D:2      | Reached skill level 5 in Stealth
  2035 | D:2      | Noticed Robin
  3457 | D:3      | Reached XP level 4. HP: 18/18 MP: 8/8
  3678 | D:3      | Found Oxkozeeh's General Store.
  3912 | D:3      | Reached XP level 5. HP: 14/21 MP: 5/10
  4116 | D:3      | Reached skill level 6 in Stealth
  4398 | D:3      | Found a radiant altar of Vehumet.
  4464 | D:3      | Learned a level 3 spell: Tukima's Dance
  4837 | D:4      | Found Yciwuva's Distillery.
  4897 | D:3      | Bought a scroll of blinking for 75 gold pieces
  4961 | D:4      | HP: 1/21 [poisoned by a scorpion]
  4962 | D:4      | Succumbed to a scorpion's poison
  4963 | D:4      | Reached XP level 4. HP: -1/18 MP: 10/10
  4980 | D:4      | Found a staircase to the Ecumenical Temple.
  5006 | Temple   | Entered the Ecumenical Temple
  5166 | Temple   | Became a worshipper of Dithmenos the Shadowed
  5553 | D:4      | Reached XP level 5. HP: 14/21 MP: 2/11
  6091 | D:4      | Noticed a phantom
  6107 | D:4      | Killed a phantom
  6151 | D:4      | Gained mutation: You are covered in thick fur. (AC +2)
                  | [Felid growth]
  6151 | D:4      | Reached XP level 6. HP: 9/25 MP: 6/13
  6156 | D:4      | HP: 1/25 [poisoned by a scorpion]
  6648 | D:5      | Entered Level 5 of the Dungeon
  6685 | D:5      | Noticed a sky beast
  6731 | D:5      | Noticed a water moccasin
  6805 | D:5      | Reached skill level 7 in Stealth
  6807 | D:5      | Found a sand-covered staircase.
  6888 | D:5      | Killed a sky beast
  6889 | D:5      | Reached XP level 7. HP: 11/28 MP: 7/14
  6997 | Ossuary  | Entered an ossuary
  7091 | Ossuary  | Reached * piety under Dithmenos
  7227 | Ossuary  | Reached skill level 8 in Stealth
  7991 | D:5      | Reached skill level 9 in Stealth
  8089 | D:5      | Reached XP level 8. HP: 15/31 MP: 12/15
  8278 | D:5      | Found Winwumen's Whimsical Warehouse.
  8372 | D:5      | Reached skill level 5 in Unarmed Combat
  8382 | D:5      | Reached skill level 10 in Stealth
  8819 | D:6      | Reached ** piety under Dithmenos
  9137 | D:6      | Reached skill level 11 in Stealth
  9876 | D:6      | Reached XP level 9. HP: 34/34 MP: 10/16
 10280 | D:6      | Reached skill level 12 in Stealth
 11112 | D:7      | Noticed Dowan
 11120 | D:7      | Noticed Duvessa
 11281 | D:7      | Killed Duvessa
 11282 | D:7      | Reached skill level 1 in Fighting
 11282 | D:7      | Reached skill level 13 in Stealth
 11301 | D:7      | Killed Dowan
 11301 | D:7      | Reached *** piety under Dithmenos
 11455 | D:7      | Noticed a manticore
 11462 | D:7      | Killed a manticore
 11628 | D:7      | Reached skill level 5 in Dodging
 11978 | D:8      | Noticed Pikel
 12310 | D:7      | Killed Pikel
 12311 | D:7      | Reached XP level 10. HP: 41/43 MP: 14/17
 12435 | D:8      | Reached skill level 5 in Fighting
 12615 | D:8      | Noticed a two-headed ogre
 12886 | D:8      | Killed a two-headed ogre
 12919 | D:8      | Noticed a brown ugly thing
 12925 | D:8      | Reached skill level 14 in Stealth
 12972 | D:8      | HP: 2/46 [brown ugly thing (14)]
 12972 | D:8      | Splashed by a brown ugly thing's acid
 12973 | D:8      | Reached XP level 9. HP: -8/42 MP: 13/16
 13208 | D:8      | Reached **** piety under Dithmenos
 13547 | D:8      | Reached skill level 15 in Stealth
 13562 | D:8      | Killed a brown ugly thing
 13615 | D:8      | Reached skill level 16 in Stealth
 13770 | D:8      | Reached XP level 10. HP: 17/46 MP: 14/17
 13966 | D:8      | Noticed a rakshasa
 13973 | D:8      | Killed a rakshasa
 13974 | D:8      | Reached skill level 17 in Stealth
 14276 | D:9      | Reached skill level 18 in Stealth
 14764 | D:9      | Found a staircase to the Lair.
 14781 | D:9      | Reached skill level 19 in Stealth
 14940 | D:9      | Found Norufyme's Antique Armour Shoppe.
 15084 | D:9      | Noticed a two-headed ogre
 15112 | D:9      | Killed a two-headed ogre
 15280 | D:10     | Entered Level 10 of the Dungeon
 15289 | D:10     | Noticed Fannar
 15290 | D:10     | Killed Fannar
 15291 | D:10     | Reached skill level 20 in Stealth
 15442 | D:10     | Reached XP level 11. HP: 49/49 MP: 18/18
 15447 | D:10     | Reached skill level 21 in Stealth
 15466 | D:10     | Found Rossa's Neck Hole.
 15509 | D:10     | Noticed a two-headed ogre
 15538 | D:10     | Killed a two-headed ogre
 15785 | D:10     | Noticed Joseph
 15792 | D:10     | Killed Joseph
 15963 | D:10     | Noticed Harold
 15968 | D:10     | Killed Harold
 15969 | D:10     | Reached skill level 5 in Spellcasting
 16216 | D:11     | Noticed Maurice
 16223 | D:11     | Killed Maurice
 16248 | D:11     | Noticed a two-headed ogre
 16253 | D:11     | Reached skill level 10 in Hexes
 16270 | D:11     | Killed a two-headed ogre
 16283 | D:11     | Found Giotrug's Antique Weapon Boutique.
 16432 | D:11     | Found a staircase to the Orcish Mines.
 16433 | D:11     | Found Gued's Armour Shop.
 16530 | D:11     | Noticed an obsidian statue
 16530 | D:11     | Noticed an orange crystal statue
 16689 | D:11     | Reached ***** piety under Dithmenos
 17209 | Orc:1    | Entered Level 1 of the Orcish Mines
 17618 | Lair:1   | Entered Level 1 of the Lair of Beasts
 17691 | Lair:1   | Found a gate leading to a gauntlet.
 17713 | Gauntlet | Entered a Gauntlet
 17713 | Gauntlet | Noticed a wizard
 17713 | Gauntlet | Found a transporter.
 17713 | Gauntlet | Found a transporter.
 17849 | Lair:1   | Gained mutation: Your thick and shaggy fur keeps you warm.
                  | (AC +3, rC+) [Felid growth]
 17849 | Lair:1   | Reached XP level 12. HP: 54/54 MP: 20/20
 18134 | Lair:1   | Reached skill level 10 in Dodging
 19252 | Lair:2   | Noticed a four-headed hydra
 19256 | Lair:2   | Killed a four-headed hydra
 19261 | Lair:2   | Noticed Sonja
 19263 | Lair:2   | Reached skill level 10 in Unarmed Combat
 19271 | Lair:2   | Killed Sonja
 20768 | Lair:3   | Found a transporter.
 20772 | Lair:3   | Found a transporter.
 20773 | Lair:3   | Noticed Naumuise's ghost (journeyman DsFi)
 20807 | Lair:4   | Noticed a five-headed hydra
 20813 | Lair:4   | Killed a five-headed hydra
 20975 | Lair:4   | Noticed a death yak
 20977 | Lair:4   | Noticed a death yak
 20977 | Lair:4   | Noticed a death yak
 20998 | Lair:4   | Found a staircase to the Snake Pit.
 21022 | Lair:4   | Reached XP level 13. HP: 60/60 MP: 18/21
 23404 | Lair:4   | Found a staircase to the Swamp.
 23806 | Lair:5   | Reached skill level 15 in Hexes
 24231 | Lair:6   | Entered Level 6 of the Lair of Beasts
 24259 | Lair:6   | Found a staircase to the Slime Pits.
 24260 | Lair:6   | Found a viscous altar of Jiyva.
 24568 | Lair:6   | Reached ****** piety under Dithmenos
 24696 | Lair:6   | Found a runed translucent gate.
 24712 | Lair:6   | Found a runed translucent gate.
 24795 | Lair:6   | Found a runed translucent gate.
 24834 | Lair:6   | Noticed TheDeanity's ghost (journeyman DEVM)
 25351 | Lair:5   | Learned a level 3 spell: Dazzling Flash
 26566 | Orc:1    | Found Xunybid's Self-Improvement Boutique.
 26574 | Orc:1    | Bought a manual of Stealth for 880 gold pieces
 26814 | Orc:2    | Entered Level 2 of the Orcish Mines
 27546 | Orc:2    | Reached XP level 14. HP: 37/64 MP: 4/22
 27730 | Orc:2    | Noticed Erolcha
 27752 | Orc:2    | Killed Erolcha
 27753 | Orc:2    | Reached skill level 22 in Stealth
 28017 | Orc:2    | Noticed an orc warlord
 28467 | Orc:2    | Killed an orc warlord
 28474 | Orc:2    | Reached skill level 23 in Stealth
 28939 | Orc:2    | Found a staircase to the Elven Halls.
 29304 | Orc:2    | Reached skill level 24 in Stealth
 30259 | Orc:2    | Found Faqaov's Distillery.
 30262 | Orc:2    | Found Emery's Weapon Shop.
 30263 | Orc:2    | Found Mosem's Jewellery Boutique.
 30264 | Orc:2    | Found Zeerow's Jewellery Boutique.
 30330 | Orc:1    | Reached skill level 25 in Stealth
 30967 | Orc:1    | Noticed Erica
 30976 | Orc:1    | Killed Erica
 31028 | Orc:1    | Found Yredunou's Assorted Antiques.
 31283 | Orc:2    | Bought the ring "Pezoar" {Wiz Dex+6 Slay+6} for 822 gold
                  | pieces
 32666 | Lair:6   | Reached skill level 10 in Fighting
 32961 | Lair:6   | Cast into level 1 of the Abyss (spriggan)
 33024 | Abyss:1  | Noticed a bone dragon
 33055 | Abyss:1  | Noticed a starcursed mass
 33169 | Abyss:1  | Noticed a white very ugly thing
 33178 | Abyss:1  | Noticed a red very ugly thing
 33178 | Abyss:1  | Noticed a red very ugly thing
 33290 | Abyss:1  | Noticed a tentacled starspawn
 33401 | Abyss:1  | Noticed an ophan
 33404 | Abyss:1  | Noticed a starcursed mass
 33410 | Abyss:1  | Noticed a tentacled starspawn
 33448 | Abyss:1  | Noticed a lich
 33452 | Abyss:1  | Killed from afar by an ophan
 33453 | Abyss:1  | Reached XP level 13. HP: -12/61 MP: 21/21
 33555 | Abyss:1  | Noticed an angel
 33607 | Abyss:1  | Noticed a cacodemon
 33620 | Abyss:1  | Noticed a tentacled starspawn
 33664 | Abyss:1  | Noticed a bone dragon
 33675 | Abyss:1  | Noticed a deep elf demonologist
 33681 | Abyss:1  | Killed a deep elf demonologist
 33689 | Abyss:1  | Noticed a white very ugly thing
 33819 | Abyss:1  | Noticed a profane servitor
 33952 | Abyss:1  | Noticed an Executioner
 34043 | Abyss:1  | Noticed a tentacled starspawn
 34154 | Abyss:1  | Noticed a starcursed mass
 34156 | Abyss:1  | Noticed a lorocyproca
 34193 | Abyss:1  | Noticed a bone dragon
 34254 | Abyss:1  | Noticed a cyan very ugly thing
 34259 | Abyss:1  | Noticed a starcursed mass
 34297 | Abyss:1  | Gained mutation: You are weak. (Str -2) [potion of
                  | mutation]
 34297 | Abyss:1  | Gained mutation: Your mind is acute. (Int +2) [potion of
                  | mutation]
 34298 | Abyss:1  | Noticed a tentacled starspawn
 34319 | Abyss:1  | Noticed a Hell Sentinel
 34347 | Abyss:1  | Noticed a tentacled starspawn
 34362 | Abyss:1  | Noticed an ancient lich
 34400 | Abyss:1  | Slain by a sixfirhy
 34401 | Abyss:1  | Reached XP level 12. HP: 0/58 MP: 19/20
 34428 | Abyss:1  | Quit the game

Illustrated notes

Levels and vault maps discovered:
D:1:      psy_arrival_basics, layout_loops_ring,
          shapermc_ecumenical_altar_mp_ritualfount,
          chequers_serial_rivers_large_a
D:2:      layout_basic, uniq_robin
D:3:      layout_loops_ring, lemuel_doored_altar, serial_shops, shop,
          goddamned_bats
D:4:      layout_loops_ring, temple_doors_e, serial_shops, shop
D:5:      layout_basic, nicolae_ossuary_entry_monument, hangedman_decor_points,
          st_stairs_9, nicolae_alphabet_shops
D:6:      layout_gridville, grunt_decor_fettered, grunt_ministairs_6
D:7:      layout_gridville, minmay_statues_item, roderic_batcave, minivault_1,
          serial_bayou_ford_a, eino_tiny_chamber, uniq_duvessa
D:8:      cheibrodos_two_vegetables, layout_basic, enter_bailey_3,
          grunt_ministairs_3, uniq_pikel
D:9:      layout_small_grid, erik_lair_dragon, serial_shops, shop
D:10:     layout_roguey, nicolae_shop_sticking_my_neck_out, uniq_fannar,
          uniq_joseph, uniq_harold
D:11:     layout_loops_ring, orc_david_3, serial_shops, shop, david_greed,
          uniq_maurice
D:12:     cheibrodos_magma_flow, layout_layer_cave,
          portal_ice_cave_entry_ice_simulacra
Temple:   mainiacjoe_temple_starburst
Lair:1:   layout_gridlike, gauntlet_entry_generic, nicolae_lair_lindhole,
          grunt_megastairs_5
Lair:2:   layout_chaotic_city, eino_house_with_fridge, grunt_megastairs_1,
          uniq_sonja
Lair:3:   layout_cave_shapes, gammafunk_ghost_hive, st_stairs_4,
          serial_bayou_pond_c, serial_bayou_shore_b
Lair:4:   layout_regular_city, nicolae_swamp_entry_splash_gauntlet,
          minmay_snake_entry_guardpost_small, grunt_megastairs_4,
          infiniplex_staircase_pool
Lair:5:   layout_gridlike, grunt_megastairs_3
Lair:6:   hellmonk_lair_end_abyssal_woods, layout_regular_city, slime_altar_1,
          gammafunk_ghost_split, serial_bayou_shore_b
Orc:1:    layout_caves, serial_shops, shop, nicolae_shop_self_help, uniq_erica
Orc:2:    st_orc_pillars, layout_caves, uniq_erolcha
Abyss:1:  base: D:8, evilmike_abyss_exit_kraken, hangedman_shadowy_showcase,
          hangedman_shadowy_showcase, gammafunk_corrupted_shrine,
          hangedman_summoners_spam, hangedman_summoners_spam,
          hangedman_abyss_or_decor_lesser_grid, hangedman_abyss_monster_moat,
          minivault_26, hangedman_abyss_or_decor_stabs,
          evilmike_abyss_exit_plants

Skill      XL: |  1  2  3  4  5  6  7  8  9 10 11 12 13 14 |
---------------+-------------------------------------------+-----
Hexes          | 5 6 7 11 15 | 15.0
Stealth        | 5 6 7 9 11 16 20 21 25 | 25.1
Spellcasting   | 3 4 5 |  5.2
Unarmed Combat | 2 4 6 8 10 12 | 12.4
Fighting       | 4 6 7 9 10 | 10.0
Dodging        | 6 8 9 12 13 14 | 14.1

Action                   |  1- 3 |  4- 6 |  7- 9 | 10-12 | 13-15 || total
-------------------------+-------+-------+-------+-------+-------++-------
Melee: Unarmed           |   101 |   156 |   345 |   328 |   673 ||  1603
       Bite              |    13 |    11 |    45 |    32 |   107 ||   208
       Punch             |       |     3 |    14 |    14 |    69 ||   100
 Cast: Ensorcelled Hiber |    15 |    28 |    62 |   122 |   106 ||   333
       Confusing Touch   |       |     6 |    25 |    27 |    82 ||   140
       Tukima's Dance    |       |       |    12 |     8 |    65 ||    85
       Dazzling Flash    |       |       |       |       |    16 ||    16
  Use: Potion            |       |     2 |     2 |     2 |     6 ||    12
       Scroll            |       |       |       |    18 |     7 ||    25
 Stab: Sleeping          |    19 |    38 |    67 |   121 |    98 ||   343
       Confused          |       |     5 |    19 |    23 |    62 ||   109
       Distracted        |       |       |     1 |       |     1 ||     2
       Invisible         |       |       |       |       |    11 ||    11
       Petrified         |       |       |       |       |     1 ||     1
Armor: Skin              |     6 |    33 |    12 |     5 |    13 ||    69
Dodge: Dodged            |    63 |   211 |   205 |   287 |   513 ||  1279
Block: Other             |       |       |    29 |    70 |   101 ||   200
       Reflection        |       |       |       |     1 |     1 ||     2
